 Dungeon Crawl Stone Soup version 0.22.1-1-ga44c0e5 (webtiles) character file.

35305 Velaskes the Protected (level 13, -2/77 HPs)
             Began as a Gargoyle Monk on Oct 30, 2018.
             Was an Initiate of Gozag.
             Slain by an alligator (12 damage)
             ... on level 1 of the Swamp.
             The game lasted 01:40:32 (18273 turns).

Velaskes the Protected (Gargoyle Monk)             Turns: 18273, Time: 01:40:32

Health: -2/77      AC: 36    Str: 21    XL:     13   Next: 83%
Magic:  15/15      EV: 11    Int:  4    God:    Gozag
Gold:   976        SH:  0    Dex: 13    Spells: 12/12 levels left

rFire    . . .     SeeInvis +   g - +2 dagger (protect)
rCold    . . .     Gourm    .   (no shield)
rNeg     + . .     Faith    .   H - +0 plate armour
rPois    ∞         Spirit   .   (helmet restricted)
rElec    +         Reflect  .   (no cloak)
rCorr    +         Harm     .   q - +1 pair of gloves
MR       .....                  J - +0 pair of boots of Relen {rCorr Int-3 Stlth+}
Stlth    ..........             r - amulet of magic regeneration
HPRegen  0.62/turn              D - +2 ring of strength
MPRegen  0.39/turn              u - ring of see invisible

@: gold aura, protection aura
A: horns 1, talons 1, dopey 2, frail 1, negative energy resistance 1,
regeneration 1, electricity resistance, unbreathing, petrification resistance,
rot immunity, AC +9
a: Potion Petition, Call Merchant, Bribe Branch, Renounce Religion


You were on level 1 of the Swamp.
You worshipped Gozag.
Gozag was pleased with you.
You were not hungry.

You visited 3 branches of the dungeon, and saw 15 of its levels.
You also visited: Sewer.

You collected 3126 gold pieces.
You paid 2150 gold pieces to Gozag.

Inventory:

Hand Weapons
 a - a +1 short sword
 g - a +2 dagger of protection (weapon)
 o - a +3 halberd
Missiles
 z - 100 stones (quivered)
Armour
 b - a +0 robe
 q - a +1 pair of gloves (worn)
 H - a +0 plate armour (worn)
 J - the +0 pair of boots of Relen (worn) {rCorr Int-3 Stlth+}
   (You found it on level 4 of the Lair of Beasts)

   It affects your intelligence (-3).
   It provides partial protection from all sources of acid and corrosion.
   It makes you more stealthy.
Jewellery
 h - an uncursed ring of flight
 r - an amulet of magic regeneration (around neck)
 t - a +4 ring of intelligence
 u - a ring of see invisible (right hand)
 D - a +2 ring of strength (left hand)
Wands
 d - a wand of digging (10)
 p - a wand of polymorph (20)
 A - a wand of acid (4)
 G - a wand of iceblast (5)
 I - a wand of paralysis (20)
Scrolls
 e - 9 scrolls of teleportation
 f - 6 scrolls of identify
 i - a scroll of holy word {unknown}
 k - 4 scrolls of magic mapping
 l - a scroll of brand weapon {unknown}
 m - a scroll of random uselessness
 n - 2 scrolls of immolation
 w - a scroll of fog
 x - 2 scrolls of noise
 y - 4 scrolls of remove curse
 E - a scroll of amnesia
Potions
 j - a potion of brilliance
 s - 4 potions of flight
 v - 2 potions of lignification
 B - a potion of cancellation
 C - a potion of curing {unknown}
 F - a potion of degeneration {unknown}
Comestibles
 c - 7 rations


   Skills:
 + Level 12.0 Fighting
 + Level 11.2 Short Blades
 + Level 13.3 Armour
 + Level 8.8 Dodging
 + Level 6.9 Stealth
 + Level 2.8 Evocations


You had 12 spell levels left.
You didn't know any spells.
Your spell library contained the following spells:

 Spells                   Type           Power        Failure   Level  Hunger
 Summon Small Mammal      Summ           #...         100%        1    ##.....
 Call Imp                 Summ           #.......     100%        2    ###....
 Call Canine Familiar     Summ           #.......     100%        3    ####...
 Summon Guardian Golem    Hex/Summ       #.......     100%        3    ####...
 Summon Ice Beast         Ice/Summ       #.......     100%        4    #####..
 Summon Lightning Spire   Summ/Air       #.......     100%        4    #####..


Dungeon Overview and Level Annotations

Branches:
Dungeon (10/15)            Temple (0/1) D:5            Lair (4/6) D:10
  Swamp (1/4) Lair:4        Snake (0/4) Lair:4
    Orc: D:9-12

Altars:
Cheibriados
Dithmenos
Gozag
Nemelex Xobeh
Okawaru
Sif Muna
Trog
Vehumet
Wu Jian
Xom

Shops:
D:6 [


Innate Abilities, Weirdness & Mutations

You are resistant to torment.
Your stone body is resilient. (AC +9)
You are immune to poison.
You resist negative energy. (rN+)
You are resistant to electric shocks. (rElec)
You can survive without breathing.
You are immune to petrification.
You are immune to rotting.
You have a pair of small horns on your head.
You have sharp toenails.
You are very dopey. (Int -4)
You are frail. (-10% HP)
Your natural rate of healing is unusually fast.


Message History

The alligator barely misses you.
You completely miss the alligator.
The alligator is heavily wounded.
The alligator bites you but does no damage.
The alligator tail-slaps you but does no damage.
You barely miss the alligator.
The alligator is heavily wounded.
You closely miss the alligator.
The alligator is heavily wounded.
The alligator bites you but does no damage.
The alligator tail-slaps you!
* * * LOW HITPOINT WARNING * * *
You hit the alligator.
The alligator is heavily wounded.
You hit the alligator.
You headbutt the alligator, but do no damage.
The alligator is heavily wounded.
The alligator bites you!
You die...
Your body crumbles into a pile of gold.

♣..≈..≈≈......♣♣♣♣
♣.≈......≈≈≈≈..≈≈.
♣≈.....≈§≈≈≈≈≈.≈.≈
♣.≈≈≈≈≈≈≈≈≈≈≈.♣..≈
♣♣♣.§≈≈≈≈≈≈.≈≈..♣...
♣♣≈♣♣.≈≈≈≈≈.≈≈.≈♣♣..≈
♣≈≈.♣..≈≈≈≈..≈.♣♣..≈≈
♣.≈≈≈♣≈.≈≈≈≈.....≈≈≈≈
♣≈..@♣♣.§≈.≈≈≈≈.≈≈≈≈≈
♣♣♣♣♣t......≈≈
♣.≈≈≈≈.≈≈≈ ♣♣...≈≈.(≈
♣♣.........
♣≈≈≈≈♣♣♣...
♣♣♣♣♣.≈≈≈....≈≈≈.≈≈
♣.≈.♣.≈≈≈≈≈≈≈≈≈≈.≈)
♣≈≈≈.§..≈≈≈...≈≈.♣


You could see an alligator.

Vanquished Creatures
  A thorn hunter (Swamp:1)
  5 hydras
  Harold (D:7)
  The ghost of Jaiteiro the Cruncher, a journeyman DrTm of Sif Muna (D:10)
  3 alligators (Swamp:1)
  3 two-headed ogres
  A swamp dragon (Swamp:1)
  5 elephants (Lair:4)
  A torpor snail (Lair:2)
  A black mamba (Lair:3)
  Joseph (D:7)
  11 spiny frogs
  2 rime drakes (Lair:4)
  A komodo dragon (Lair:4)
  3 tyrant leeches (Swamp:1)
  A hornet (Swamp:1)
  12 blink frogs
  A bog body (Swamp:1)
  6 dream sheep
  6 hippogriffs
  11 yaks
  A shadow (Swamp:1)
  2 basilisks
  2 wyverns
  2 neqoxecs (D:10)
  4 vampire mosquitoes (Swamp:1)
  A hungry ghost (D:9)
  Menkaure (D:6)
  3 wargs (D:10)
  2 swamp worms (Swamp:1)
  20 water moccasins
  5 porcupines
  3 ice beasts
  A black bear (D:4)
  2 orc warriors
  4 swamp drakes
  4 ogres
  2 phantoms
  6 wolves
  5 centaurs
  7 crocodiles
  5 big kobolds
  7 bullfrogs
  A scorpion (D:5)
  15 wights
  4 howler monkeys
  A centaur zombie (D:7)
  3 crimson imps
  2 bullfrog zombies
  4 hounds
  2 centaur skeletons (D:7)
  3 jellies
  6 orc wizards
  4 quasits (D:10)
  5 orc priests
  A bullfrog skeleton (D:6)
  Jessica (D:2)
  3 iguanas
  5 worker ants
  2 hound skeletons (D:4)
  A howler monkey skeleton (D:4)
  A worker ant zombie (D:4)
  9 gnolls
  29 adders
  3 river rats
  3 oozes (Sewer)
  6 worms
  A dart slug (D:2)
  2 leopard geckos
  25 orcs
  4 ball pythons (Sewer)
  7 giant cockroaches
  6 hobgoblins
  3 jackals (D:4)
  2 quokkas
  9 bats
  7 frilled lizards
  9 goblins
  A jackal skeleton (D:6)
  16 kobolds
  A quokka zombie (D:8)
  12 rats
  2 briar patches (Swamp:1)
387 creatures vanquished.

Vanquished Creatures (collateral kills)
  A blink frog (Lair:4)
  A naga (Lair:4)
  2 water moccasins (Lair:4)
  An adder (Lair:4)
5 creatures vanquished.

Vanquished Creatures (others)
  An orc wizard (D:7)
  5 fungi
  2 plants (Lair:4)
8 creatures vanquished.

Grand Total: 400 creatures vanquished

Notes
Turn   | Place    | Note
-------+----------+-------------------------------------------
     0 | D:1      | Velaskes the Gargoyle Monk began the quest for the Orb.
     0 | D:1      | Reached XP level 1. HP: 14/14 MP: 1/1
   152 | D:1      | Reached XP level 2. HP: 16/19 MP: 2/2
   856 | D:2      | Reached XP level 3. HP: 23/23 MP: 3/3
  1282 | D:2      | Noticed Jessica
  1293 | D:2      | Killed Jessica
  1293 | D:2      | Reached XP level 4. HP: 27/29 MP: 4/4
  1508 | D:2      | Found a radiant altar of Vehumet.
  1877 | D:3      | Reached skill level 1 in Armour
  1877 | D:3      | Reached XP level 5. HP: 31/33 MP: 5/5
  2679 | D:4      | Noticed an ice beast
  2697 | D:3      | Gained mutation: You have sharp toenails. [potion of
                  | mutation]
  2697 | D:3      | Gained mutation: You have a pair of small horns on your
                  | head. [potion of mutation]
  2697 | D:3      | Gained mutation: You are somewhat resistant to further
                  | mutation. [potion of mutation]
  2723 | D:3      | Killed an ice beast
  2723 | D:3      | Reached skill level 2 in Armour
  2723 | D:3      | Reached XP level 6. HP: 38/38 MP: 6/6
  2978 | D:4      | Found a deep blue altar of Sif Muna.
  3017 | D:4      | Reached skill level 5 in Short Blades
  3056 | D:4      | Found an iron altar of Okawaru.
  3093 | D:4      | Reached XP level 7. HP: 26/44 MP: 7/7
  3329 | D:4      | Reached skill level 3 in Armour
  4102 | D:5      | Entered Level 5 of the Dungeon
  4195 | D:5      | Reached XP level 8. HP: 45/48 MP: 8/8
  4227 | D:5      | Reached skill level 4 in Armour
  4524 | D:5      | Found a glowing drain.
  4576 | Sewer    | Entered a sewer
  4611 | Sewer    | Reached skill level 5 in Fighting
  4728 | Sewer    | Reached skill level 5 in Armour
  5174 | D:5      | Found a staircase to the Ecumenical Temple.
  5288 | D:5      | Found a shimmering altar of Xom.
  5312 | D:5      | Became a worshipper of Xom the Fickle
  5415 | D:6      | XOM: cleaving
  5473 | D:6      | Noticed Menkaure
  5485 | D:6      | Killed Menkaure
  5485 | D:6      | XOM: 1-stop teleportation journey
  5614 | D:6      | Found a sparkling altar of Nemelex Xobeh.
  5614 | D:6      | Found an opulent altar of Gozag.
  5632 | D:6      | Fell from the grace of Xom
  5632 | D:6      | Became a worshipper of Gozag Ym Sagoz the Greedy
  5753 | D:6      | Found Ykenuk's Antique Armour Emporium.
  5843 | D:6      | XOM: stat loss: -2 Str (15/17)
  6174 | D:6      | Found a snail-covered altar of Cheibriados.
  6478 | D:7      | Noticed Harold
  6538 | D:7      | Killed Harold
  6538 | D:7      | Reached skill level 6 in Armour
  6538 | D:7      | Reached skill level 5 in Dodging
  6538 | D:7      | Reached XP level 9. HP: 32/55 MP: 9/9
  6909 | D:7      | Found a bloodstained altar of Trog.
  6937 | D:7      | Noticed a two-headed ogre
  6944 | D:7      | Killed a two-headed ogre
  6944 | D:7      | Reached skill level 7 in Armour
  7015 | D:7      | Noticed Joseph
  7050 | D:7      | Killed Joseph
  7050 | D:7      | Reached XP level 10. HP: 57/61 MP: 10/10
  7058 | D:7      | XOM: torment (46/61 hp)
  7064 | D:7      | Reached skill level 8 in Armour
  7460 | D:8      | XOM: stat loss: -1 Str (17/18)
  7640 | D:8      | Found an ornate altar of the Wu Jian Council.
  7678 | D:8      | Noticed a two-headed ogre
  7696 | D:8      | Killed a two-headed ogre
  7976 | D:8      | Noticed a two-headed ogre
  7990 | D:8      | Killed a two-headed ogre
  8418 | D:8      | XOM: give mutations
  8418 | D:8      | Gained mutation: You are frail. (-10% HP) [Xom's mischief]
  8418 | D:8      | Gained mutation: You are dopey. (Int -2) [Xom's mischief]
  8418 | D:8      | Gained mutation: Scrolls take you a little longer to read.
                  | [Xom's mischief]
  8418 | D:8      | Lost mutation: Scrolls take you a little longer to read.
                  | [Xom's mischief]
  8723 | D:8      | XOM: give mutations
  8723 | D:8      | Gained mutation: Your natural rate of healing is unusually
                  | fast. [Xom's grace]
  8723 | D:8      | Gained mutation: Your flesh is cold resistant. (rC+) [Xom's
                  | grace]
  8749 | D:8      | XOM: medium Air miscast
  9073 | D:9      | Reached skill level 1 in Evocations
  9373 | D:9      | Reached skill level 5 in Stealth
  9467 | D:9      | Found a shadowy altar of Dithmenos.
  9562 | D:9      | Reached skill level 9 in Armour
  9562 | D:9      | Reached XP level 11. HP: 61/61 MP: 12/12
  9735 | D:9      | Noticed a three-headed hydra
  9769 | D:9      | Killed a three-headed hydra
  9976 | D:10     | Entered Level 10 of the Dungeon
 10294 | D:10     | XOM: swap monsters
 10332 | D:10     | XOM: give mutations
 10332 | D:10     | Lost mutation: You are somewhat resistant to further
                  | mutation. [Xom's mischief]
 10332 | D:10     | Lost mutation: Your flesh is cold resistant. (rC+) [Xom's
                  | mischief]
 10332 | D:10     | Gained mutation: You are very dopey. (Int -4) [Xom's
                  | mischief]
 10380 | D:10     | XOM: summons 1 hostile shadow creature
 10439 | D:10     | Found a staircase to the Lair.
 10448 | D:10     | XOM: mild Ice miscast
 10577 | D:10     | Found a transporter.
 10578 | D:10     | Noticed Jaiteiro's ghost (journeyman DrTm)
 10792 | D:10     | Found a transporter.
 10927 | D:10     | XOM: mild Fire miscast
 10967 | D:10     | XOM: mild Tloc miscast
 11126 | D:10     | XOM: noise
 11212 | D:10     | Killed Jaiteiro's ghost
 11457 | Lair:1   | Entered Level 1 of the Lair of Beasts
 11466 | Lair:1   | XOM: stat loss: -1 Int (5/7)
 11507 | D:10     | XOM: mild Hex miscast
 11770 | Lair:1   | Reached skill level 10 in Short Blades
 12223 | Lair:1   | Reached XP level 12. HP: 64/68 MP: 13/13
 12990 | Lair:1   | XOM: summons 1 hostile demon
 13110 | Lair:2   | Reached skill level 10 in Armour
 13185 | Lair:2   | Noticed a seven-headed hydra
 13196 | Lair:2   | Killed a seven-headed hydra
 13598 | Lair:2   | Noticed a seven-headed hydra
 13617 | Lair:2   | Killed a seven-headed hydra
 13970 | Lair:3   | Reached skill level 10 in Fighting
 14275 | Lair:3   | XOM: medium Tmut miscast
 14759 | Lair:4   | Got a pair of fine boots
 14765 | Lair:4   | Identified the +0 pair of boots of Relen {rCorr Int-3
                  | Stlth+} (You found it on level 4 of the Lair of Beasts)
 14851 | Lair:4   | Reached skill level 11 in Armour
 14862 | Lair:4   | Found a staircase to the Swamp.
 15200 | Lair:4   | Reached XP level 13. HP: 74/74 MP: 14/14
 15484 | Lair:4   | XOM: confusion (+ monsters)
 15570 | Lair:4   | XOM: mild Chrm miscast
 15630 | Lair:4   | Reached skill level 12 in Armour
 16632 | Lair:4   | Found a staircase to the Snake Pit.
 16651 | Swamp:1  | Entered Level 1 of the Swamp
 17454 | Swamp:1  | Noticed a thorn hunter
 17500 | Swamp:1  | Killed a thorn hunter
 17587 | Swamp:1  | Reached skill level 13 in Armour
 18081 | Swamp:1  | XOM: torment (60/76 hp)
 18273 | Swamp:1  | Slain by an alligator

Skill      XL: |  1  2  3  4  5  6  7  8  9 10 11 12 13 |
---------------+----------------------------------------+-----
Short Blades   | 3 4 5 7 8 9 10 11 | 11.2
Dodging        | 3 4 5 6 8 |  8.8
Armour         | 1 2 3 6 7 9 11 13 | 13.3
Fighting       | 4 6 7 9 10 12 | 12.0
Stealth        | 3 4 5 6 |  6.9
Evocations     | 1 2 |  2.8

Action                   |  1- 3 |  4- 6 |  7- 9 | 10-12 | 13-15 || total
-------------------------+-------+-------+-------+-------+-------++-------
Melee: Short sword       |   155 |    86 |       |       |       ||   241
       Dagger            |       |   186 |   530 |  1692 |  1015 ||  3423
       Kick              |       |    17 |   160 |   494 |       ||   671
       Headbutt          |       |    14 |    86 |   399 |   272 ||   771
Invok: Potion Petition   |       |       |     1 |     1 |     3 ||     5
 Abil: Evoke Flight      |       |     1 |       |       |       ||     1
Evoke: Wand              |       |       |     1 |     7 |     9 ||    17
       Sack of spiders   |       |       |       |       |     2 ||     2
  Use: Scroll            |     3 |     4 |     2 |    10 |       ||    19
       Potion            |     3 |     1 |     9 |     9 |       ||    22
 Stab: Sleeping          |     2 |     1 |     1 |     4 |       ||     8
       Distracted        |       |       |       |     6 |       ||     6
       Invisible         |       |       |       |       |     1 ||     1
  Eat: Chunk             |     1 |     4 |     3 |       |       ||     8
       Ration            |       |     1 |     3 |     9 |     4 ||    17
Armor: Robe              |    41 |       |       |       |       ||    41
       Ring mail         |    34 |    94 |   174 |   378 |       ||   680
       Plate armour      |       |       |       |   508 |   816 ||  1324
Dodge: Dodged            |   112 |   126 |   236 |   931 |   553 ||  1958
